 Dungeon Crawl Stone Soup version 0.29.1-2-gbd0b4ee654 (webtiles) character file.

Game seed: 12453675917458052547

1 croobank the Sneak (level 1, 0/18 HPs)
             Began as a Demonspawn Delver on Nov 3, 2022.
             Succumbed to an adder's poison
             ... on level 5 of the Dungeon.
             The game lasted 00:01:14 (120 turns).

croobank the Sneak (Demonspawn Delver)               Turns: 120, Time: 00:01:15

Health: 0/18       AC:  3    Str: 10 (12) XL:     1   Next: 16%
Magic:  1/1        EV: 11    Int:  9 (11) God:
Gold:   18         SH:  0    Dex: 13 (14) Spells: 0/0 levels left

rFire   . . .      SeeInvis .   j - +2 whip (freeze)
rCold   . . .      Faith    .   (no shield)
rNeg    . . .      Spirit   .   b - +0 leather armour
rPois   .          Reflect  .   (no helmet)
rElec   .          Harm     .   (no cloak)
rCorr   .          Rampage  .   (no gloves)
Will    .....                   (no boots)
Stlth   ++........              (no amulet)
HPRegen 0.06/turn               (no ring)
MPRegen 0.07/turn               (no ring)

@: lethally poisoned (0 -> -3), about to teleport, hasted, very quick
A: no striking features
a: no special abilities


You were on level 5 of the Dungeon.
You visited 1 branch of the dungeon, and saw 2 of its levels.

You collected 18 gold pieces.

Inventory:

Hand Weapons
 a - a +0 hand axe
 j - a +2 whip of freezing (weapon)
Armour
 b - a +0 leather armour (worn)
Wands
 g - a wand of digging (3)
Scrolls
 c - a scroll of fog
Potions
 h - a potion of degeneration


   Skills:
 + Level 3.0 Fighting
 + Level 1.8 Axes
 + Level 1.8 Dodging
 + Level 4.5 Stealth


You couldn't memorise any spells.
You didn't know any spells.
Your spell library was empty.

Dungeon Overview and Level Annotations

Branches:
Dungeon (6/15)
 Temple: D:4-7

Altars:
Cheibriados
Hepliaklqana


Message History

You hit the adder. You freeze the adder. Your punch misses the adder.
The adder is moderately wounded.
The adder bites you.
You closely miss the adder.
The adder is moderately wounded.
The adder bites you but does no damage. The adder bites you.
You are poisoned.
The adder poisons you!
You closely miss the adder.
The adder is moderately wounded.
You feel sick. The adder bites you.
You are lethally poisoned!
The adder poisons you!
You hit the adder. You freeze the adder.
The adder is severely wounded.
You feel very sick. The adder bites you but does no damage.
You miss the adder.
The adder is severely wounded.
You feel sick. The adder bites you but does no damage. The adder bites you.
You miss the adder.
The adder is heavily wounded.
* * * LOW HITPOINT WARNING * * *
You feel sick. The adder barely misses you.
It was a potion of degeneration.
There was something very wrong with that liquid.
You feel weakened.
You feel dopey.
You feel clumsy.
* * * LOW HITPOINT WARNING * * *
You feel sick. The adder barely misses you.
As you read the scroll of fear, it crumbles to dust.
You assume a fearsome visage.
The adder looks frightened!
* * * LOW HITPOINT WARNING * * *
You feel sick.
Okay, then.
As you read the scroll labelled YPRIBU ASKEPO, it crumbles to dust.
You feel strangely unstable.
It was a scroll of teleportation.
* * * LOW HITPOINT WARNING * * *
You feel sick.
You feel yourself speed up.
You die...

,,,,,,****,,,,,,,,,,,**,,,,,,**,,
,,,,,,**,,,,........*##...,,,,***
,,,,,,***.,,.......##.#...,,,**,⌠
,,,,,,,,,..,,........,>..,,#,*,*,
,,,,,,*,,...,,#.....##.#,...,+,,*
,**,,,,*,.#...##.......#....,+,,,
,,*,,,,*,.............##....,+,,*
,,**,,,,,......##...........,*,*,
,,**,,,,,...S...@...........,**,⌠
,,,,,,,,,....#.......#..###..,**#
,,,,,,,,,.................#.#** #
,,,**,,,,,#!#...............#* #
,,,****,,*#*##...............####
,,,,* **,****#.................##
,,,,* *,,,*,*#..............#....
,,,,***,,,,,,...............#.._.
,,,,,,,,,,,,,.##...............8.


You could see an adder (fleeing).

Vanquished Creatures
  A quokka (D:5)
1 creature vanquished.

Notes
Turn   | Place    | Note
-------+----------+-------------------------------------------
     0 | D:5      | croobank the Demonspawn Delver began the quest for the Orb.
     0 | D:5      | Reached XP level 1. HP: 18/18 MP: 1/1
    26 | D:5      | Found a snail-covered altar of Cheibriados.
    70 | D:5      | Found a hazy altar of Hepliaklqana.
   120 | D:5      | Succumbed to an adder's poison

Illustrated notes

Levels and vault maps discovered:
D:5:      layout_cave_pools, chequers_temple_overflow_statue_of_worship,
          gammafunk_ghost_nasty_kobolds
D:6:      layout_gridville, lemuel_blue_sif_altar, temple_hall,
          kennysheep_pointless_box, uniq_grinder

Action                   || total
-------------------------++-------
Melee: Whip              ||     9
  Use: Scroll            ||     3
       Potion            ||     2
Armor: Leather armour    ||     4
Dodge: Dodged            ||     5
